 Dungeon Crawl Stone Soup version 0.22.0-27-ga576289601 (webtiles) character file.

928 IceCat the Magician (level 7, -4/36 HPs)
             Began as a Deep Elf Ice Elementalist on Aug 23, 2018.
             Was a Follower of Sif Muna.
             Slain by a killer bee (6 damage)
             ... on level 7 of the Dungeon.
             The game lasted 00:29:26 (6651 turns).

IceCat the Magician (Deep Elf Ice Elementalist)     Turns: 6651, Time: 00:29:27

Health: -4/36      AC:  2    Str:  8 (9)  XL:     7   Next: 85%
Magic:  8/19       EV: 13    Int: 21 (23) God:    Sif Muna [*.....]
Gold:   275        SH:  0    Dex:  9 (12) Spells: 5/19 levels left

rFire    x . .     SeeInvis .   w - +3 dagger
rCold    + . .     Gourm    .   (no shield)
rNeg     . . .     Faith    .   a - +0 robe
rPois    .         Spirit   .   (no helmet)
rElec    .         Reflect  .   (no cloak)
rCorr    .         Harm     .   (no gloves)
MR       .....                  (no boots)
Stlth    ++........             (no amulet)
HPRegen  0.12/turn              r - ring "Acipo" {Ice +Inv Str+4 Int+2 Dex-4}
MPRegen  0.16/turn              (no ring)

@: lethally poisoned (-4 -> -15), divine energy
A: no striking features
a: Stop Divine Energy, Renounce Religion, Evoke Invisibility


You were on level 7 of the Dungeon.
You worshipped Sif Muna.
Sif Muna was aware of your devotion.
You were hungry.

You visited 2 branches of the dungeon, and saw 8 of its levels.

You collected 275 gold pieces.

Inventory:

Hand Weapons
 w - a +3 dagger (weapon)
Missiles
 j - 7 poisoned tomahawks (quivered)
Armour
 a - a +0 robe (worn)
Jewellery
 r - the ring "Acipo" (left hand) {Ice +Inv Str+4 Int+2 Dex-4}
   (You found it on level 4 of the Dungeon)

   [ring of ice]

   It enhances your ice magic.
   It affects your strength (+4).
   It affects your intelligence (+2).
   It affects your dexterity (-4).
   It makes you vulnerable to fire.
   It protects you from cold.
   It lets you turn invisible.
Scrolls
 d - a scroll of magic mapping {unknown}
 e - a scroll of noise {unknown}
 f - 4 scrolls of teleportation
 i - 2 scrolls of amnesia
 k - 2 scrolls of immolation {unknown}
 l - 9 scrolls of identify
 m - 3 scrolls of remove curse {unknown}
 s - a scroll of random uselessness {unknown}
 t - a scroll of blinking {unknown}
 u - 2 scrolls of fog {unknown}
 y - a scroll of fear {unknown}
Potions
 b - 2 potions of degeneration
 g - a potion of invisibility {unknown}
 h - a potion of agility {unknown}
 n - 2 potions of brilliance {unknown}
 o - a potion of haste {unknown}
 p - 3 potions of lignification {unknown}
 q - 3 potions of curing {unknown}
 x - a potion of might {unknown}
Comestibles
 c - 8 rations


   Skills:
 + Level 3.6 Dodging
 + Level 3.2 Stealth
 * Level 6.9 Spellcasting
 * Level 4.8 Conjurations
 * Level 4.4 Summonings
 + Level 4.9 Ice Magic
 + Level 0.6 Evocations


You had 5 spell levels left.
You knew the following spells:

 Your Spells              Type           Power        Failure   Level  Hunger
a - Freeze                Ice            ####         1%          1    None
b - Throw Frost           Conj/Ice       #####.       1%          2    None
c - Throw Icicle          Conj/Ice       #####...     12%         4    ###....
d - Summon Ice Beast      Ice/Summ       #####...     13%         4    ###....
e - Ozocubu's Armour      Chrm/Ice       ####....     10%         3    #......

Your spell library contained the following spells:

 Spells                   Type           Power        Failure   Level  Hunger


Dungeon Overview and Level Annotations

Branches:
Dungeon (7/15)             Temple (1/1) D:4

Altars:
Ashenzari
Dithmenos
Fedhas
Hepliaklqana
Makhleb
Nemelex Xobeh
Okawaru
Qazlal
Sif Muna
Vehumet
Xom
Yredelemnul
Zin

Shops:
D:4 :[(!

Annotations:
D:3 exclusion: ogre
D:4 exclusion: ice beast
D:5 2 runed doors, Eurus's ghost, novice DrTm


Message History

Press: ? - help, Shift-Dir - straight line, f/p - killer bee
Aim: a killer bee (heavily wounded)
You feel a surge of power!
You freeze the killer bee.
The killer bee is severely wounded.
You feel sick. The killer bee stings you.
The wyvern zombie bites your ice beast!
Your ice beast closely misses the wyvern zombie.
The killer bee stings you!
* * * LOW HITPOINT WARNING * * *
You are more poisoned.
The killer bee poisons you!
It was a potion of degeneration.
There was something very wrong with that liquid.
You feel weakened.
You feel dopey.
You feel clumsy.
* * * LOW HITPOINT WARNING * * *
You feel sick. The killer bee misses you.
The wyvern zombie bites your ice beast.
Your ice beast barely misses the wyvern zombie.
The killer bee stings you.
You die...

### #. #.# /... #.#
.##. ###### #.## ##
[..
#.....####..####..#
....
#.....#......>.....
....
.........@y..##.#
...#..Y<#.......
##+#.###Z....##...
#............# .
#...†.#####..#
#.....# .....
#.....# #.##..
#..Z... .# .
#......# ##


You could see a killer bee, a wyvern zombie and a friendly ice beast.

Vanquished Creatures
  An ice beast (D:5)
  A big kobold (D:7)
  A scorpion (D:5)
  A killer bee (D:6)
  A crimson imp (D:5)
  2 hounds
  An orc wizard (D:5)
  2 iguanas (D:4)
  3 worker ants
  A hound zombie (D:6)
  5 adders
  3 oozes
  An adder skeleton (D:4)
  2 worms
  2 dart slugs
  4 leopard geckos
  13 orcs
  A giant cockroach (D:2)
  10 goblins
  9 hobgoblins
  3 jackals (D:1)
  A quokka (D:5)
  4 bats
  4 frilled lizards
  6 kobolds
  A leopard gecko skeleton (D:5)
  10 rats
93 creatures vanquished.

Vanquished Creatures (collateral kills)
  An ogre (D:6)
  A centaur (D:6)
  6 killer bees
  A bullfrog zombie (D:6)
  An orc priest (D:5)
  An orc wizard (D:5)
  A centaur skeleton (D:7)
  A worker ant (D:6)
  2 kobolds (D:7)
15 creatures vanquished.

Grand Total: 108 creatures vanquished

Notes
Turn   | Place    | Note
-------+----------+-------------------------------------------
     0 | D:1      | IceCat the Deep Elf Ice Elementalist began the quest for the Orb.
     0 | D:1      | Reached XP level 1. HP: 10/10 MP: 6/6
     3 | D:1      | Noticed an electric eel
     3 | D:1      | Noticed an electric eel
   275 | D:1      | Reached XP level 2. HP: 15/15 MP: 2/8
   334 | D:1      | Learned a level 2 spell: Throw Frost
   508 | D:1      | Reached XP level 3. HP: 19/19 MP: 2/10
   672 | D:1      | Reached skill level 4 in Spellcasting
  1093 | D:2      | Noticed a phantom
  1451 | D:2      | Reached XP level 4. HP: 22/24 MP: 4/12
  1694 | D:2      | Learned a level 4 spell: Throw Icicle
  1699 | D:2      | Learned a level 4 spell: Summon Ice Beast
  2087 | D:3      | Noticed an ogre
  2817 | D:4      | Found Ufuhocw's Book Shop.
  2817 | D:4      | Found a staircase to the Ecumenical Temple.
  2831 | Temple   | Entered the Ecumenical Temple
  2874 | Temple   | Became a worshipper of Sif Muna the Loreminder
  2944 | D:4      | Found Niel's Armour Shop.
  2993 | D:4      | Got a scorched bronze ring
  2994 | D:4      | Identified the ring "Acipo" {Ice +Inv Str+4 Int+2 Dex-4} (You found it on level 4 of the Dungeon)
  3038 | D:4      | Found Hygenauc's Antique Weapon Boutique.
  3092 | D:4      | Reached skill level 1 in Summonings
  3157 | D:4      | Found Tonirope's Distillery.
  3185 | D:4      | Reached XP level 5. HP: 25/28 MP: 6/13
  3258 | D:4      | Noticed an ice beast
  3902 | D:4      | Reached skill level 5 in Spellcasting
  4294 | D:5      | Entered Level 5 of the Dungeon
  4296 | D:5      | Found a burning altar of Makhleb.
  4342 | D:5      | Reached XP level 6. HP: 32/32 MP: 9/15
  4635 | D:5      | Found a large runed door.
  4637 | D:5      | Found a large runed door.
  4638 | D:5      | Noticed Eurus's ghost (novice DrTm)
  4711 | D:5      | Found a deep blue altar of Sif Muna.
  4715 | D:5      | Noticed an ice beast
  5320 | D:5      | Reached * piety under Sif Muna
  5470 | D:5      | Found a shattered altar of Ashenzari.
  5682 | D:5      | Killed an ice beast
  5682 | D:5      | Reached skill level 6 in Spellcasting
  5682 | D:5      | Reached XP level 7. HP: 14/36 MP: 2/18
  5823 | D:6      | Found a radiant altar of Vehumet.
  6054 | D:6      | Learned a level 3 spell: Ozocubu's Armour
  6651 | D:7      | Slain by a killer bee

Skill      XL: |  1  2  3  4  5  6  7 |
---------------+----------------------+-----
Spellcasting   | 4 5 6 |  6.9
Dodging        | 3 |  3.6
Conjurations   | 2 3 4 |  4.8
Summonings     | 1 2 3 4 |  4.4
Ice Magic      | 4 |  4.9
Stealth        | 3 |  3.2
Evocations     | |  0.6

Action                   |  1- 3 |  4- 6 |  7- 9 || total
-------------------------+-------+-------+-------++-------
Melee: Unarmed           |    16 |       |       ||    16
       Dagger            |     9 |    16 |     2 ||    27
Throw: Tomahawk          |     1 |     2 |       ||     3
 Cast: Freeze            |    36 |    29 |     7 ||    72
       Throw Frost       |    30 |    55 |     7 ||    92
       Throw Icicle      |       |    10 |     4 ||    14
       Summon Ice Beast  |       |     5 |    14 ||    19
       Ozocubu's Armour  |       |       |     1 ||     1
Invok: Divine Energy     |       |     1 |       ||     1
  Use: Scroll            |       |     3 |       ||     3
       Potion            |       |       |     1 ||     1
 Stab: Sleeping          |     1 |       |       ||     1
  Eat: Chunk             |     2 |    12 |     5 ||    19
       Ration            |       |     1 |       ||     1
Armor: Robe              |     6 |     3 |     3 ||    12
Dodge: Dodged            |    43 |    21 |    16 ||    80
